 Dungeon Crawl Stone Soup version 0.30-a0-161-gdd60e06945 (webtiles) character file.

Game seed: 8119026212573869293

8170 qw the Cleaver (level 11, -1/69 HPs)
             Began as a Gargoyle Fighter on Sept 27, 2022.
             Was a High Priest of Okawaru.
             Killed by divine providence
             ... invoked by a meliai
              (13 damage)
             ... in a Gauntlet.
             The game lasted 00:04:17 (9904 turns).

qw the Cleaver (Gargoyle Fighter)                   Turns: 9904, Time: 00:04:17

Health: -1/69      AC: 26    Str: 25    XL:     11   Next: 26%
Magic:  16/16      EV:  9    Int:  8    God:    Okawaru [*****.]
Gold:   118        SH:  6    Dex:  9    Spells: 10/10 levels left

rFire   . . .      SeeInvis .    Y - +0 broad axe
rCold   . . .      Faith    .    c - +0 buckler
rNeg    + + .      Spirit   .    k - +0 plate armour
rPois   inf        Reflect  .    l - +0 helmet
rElec   +          Harm     .    (no cloak)
rCorr   +          Rampage  .    q - +0 pair of gloves
Will    .....      NoTele   +    (no boots)
Stlth   ..........               j - amulet of regeneration
HPRegen 1.01/turn                m - ring of resist corrosion
MPRegen 0.15/turn                r - ring of positive energy

@: heroic
A: sickness immunity, AC +8, negative energy resistance 1, electricity
resistance, torment resistance 1, petrification resistance
a: Renounce Religion, Heroism, Finesse, Duel


You were in a Gauntlet.
You worshipped Okawaru.
Okawaru was extremely pleased with you.
You visited 2 branches of the dungeon, and saw 12 of its levels.
You also visited: Sewer and Gauntlet.

You collected 770 gold pieces.
You spent 652 gold pieces at shops.


Innate Abilities, Weirdness & Mutations

You are immune to sickness and miasma.
Your stone body is resilient. (AC +8)
You are immune to poison.
You resist negative energy. (rN+)
You are resistant to electric shocks. (rElec)
You are resistant to unholy torment.
You are immune to petrification.


   Skills:
 + Level 8.3(13.3) Fighting
 - Level 11.0(16.0) Axes
 - Level 2.0(7.0) Throwing
 - Level 7.1(12.1) Armour
 - Level 1.2(6.2) Dodging
 - Level 5.7(10.7) Shields
 + Level 7.1 Invocations


You had 10 spell levels left.
You didn't know any spells.
Your spell library was empty.

Inventory:

Hand Weapons
 s - the +4 flail of Wealth {vamp, rN+ Str+2 Stlth+}
   (You found it on level 9 of the Dungeon)

   It occasionally heals its wielder for a portion of the damage dealt when it
   wounds a living foe.
   Str:       It affects your strength (+2).
   rN:        It protects you from negative energy.
   Stlth:     It makes you more stealthy.
 Y - a +0 broad axe (weapon)
Missiles
 e - 8 boomerangs (quivered)
Armour
 c - a +0 buckler (worn)
 k - a +0 plate armour (worn)
 l - a +0 helmet (worn)
 q - a +0 pair of gloves (worn)
Jewellery
 j - an amulet of regeneration (around neck)
 m - a ring of resist corrosion (left hand)
 r - a ring of positive energy (right hand)
Scrolls
 a - 3 scrolls of identify
 i - 5 scrolls of teleportation
Potions
 d - 3 potions of might
 f - a potion of heal wounds
 g - 2 potions of curing
 h - a potion of lignification
 n - a potion of resistance
 o - 4 potions of mutation

Dungeon Overview and Level Annotations

Branches:
Dungeon (11/15)            Temple (1/1) D:5            Lair (0/5) D:11
    Orc (0/2) D:9           Sewer (visited)         Gauntlet (1/1)

Altars:
Ashenzari
Cheibriados
Dithmenos
Elyvilon
Fedhas
Gozag
Hepliaklqana
Kikubaaqudgha
Makhleb
Nemelex Xobeh
Okawaru
Qazlal
Ru
Sif Muna
Trog
Uskayaw
Vehumet
Wu Jian
Xom
Yredelemnul
Zin
The Shining One

Shops:
D:1 *   D:2 !*?[!   D:5 *   D:8 *[

Annotations:
D:6 2 runed translucent doors, qw's ghost, novice GrFi Gauntlet 9 transporters


Message History

The meliai hits you with a +0 hand axe! You block the meliai's attack.
You barely miss the meliai.
The meliai is heavily wounded.
You block the meliai's attack.
The meliai stings you but does no damage.
The meliai invokes the aid of its god against you.
Something smites you!
9898 ||| DRINKING 2 potions of heal wounds.
You feel much better. The meliai hits you with a +0 hand axe.
The meliai barely misses you. The meliai hits you but does no damage.
The meliai barely misses you.
The meliai calls upon its god to heal the meliai.
The meliai is healed somewhat.
You slash the meliai!
The meliai is almost dead.
The meliai hits you with a +0 hand axe.
The meliai stings you but does no damage.
The meliai hits you but does no damage. The meliai misses you.
You slice the meliai!!
You kill the meliai!
Okawaru accepts your kill. The meliai hits you but does no damage.
The meliai barely misses you.
You barely miss the meliai. You block the meliai's attack.
The meliai stings you but does no damage.
You slash the meliai!
The meliai is moderately wounded.
You block the meliai's attack. x2; The meliai hits you but does no damage.
The meliai closely misses you.
You slash the meliai!
The meliai is almost dead.
The meliai hits you but does no damage.
The meliai stings you but does no damage.
You barely miss the meliai.
The meliai is almost dead.
The meliai mumbles some strange prayers to its god against you.
Something smites you!
The meliai calls down the wrath of its god upon you.
Something smites you!
You die...

.....7..#~~~#~~~#~~~#~~~#
.\...PP...............~#
......P7..P7P..7P..7P.##
......................~##
#.#########.#########.~~#
#.#k!.^=$.#.#?##^##.#.~##
#.#Z###...#.#?#..#.=#.##
#.#Z###^.Z#.##.##.###.~##
#.#.###.^Z#.#..#@.#.#.~~#
#.#...^##Z#.###y##.##.~##
#.#.#..##Z#.##..#..##.##
#.#....Z.k#.#.##.##.#.~##
#.###################.~~#
.....#^....^....^#....~##
.7P..#############.7P.##
.PPP...###.^.:Z#...PP.~##
~#~#...###.###.#.7.PP.~~#


You could see a spectral redback, a spectral centaur warrior, a meliai, a wyvern
simulacrum, a wolf spider zombie and a boggart zombie.

Vanquished Creatures
  A two-headed ogre (D:9)
  Urug (D:11)
  3 unseen horrors (D:10)
  An ice devil (Gauntlet)
  2 meliai (Gauntlet)
  A wyvern (D:10)
  6 yaks (D:10)
  A vampire (D:9)
  A steam dragon (D:9)
  3 water moccasins
  2 ice beasts
  An orc warrior (D:7)
  3 sky beasts
  2 black bears
  2 phantoms (D:6)
  3 centaurs
  3 bullfrogs
  A kobold brigand (D:8)
  2 scorpions
  2 gnoll sergeants
  A wyvern skeleton (D:6)
  8 wights
  10 killer bees
  A howler monkey (D:8)
  2 bullfrog zombies (D:6)
  A centaur zombie (D:6)
  2 bullfrog skeletons (D:6)
  2 gnoll boudas (D:7)
  12 orc priests
  2 hounds (D:4)
  3 iguanas
  Jessica (D:2)
  5 orc wizards
  A killer bee zombie (D:6)
  Robin (D:2)
  22 gnolls
  10 adders
  4 river rats (Sewer)
  2 shadow imps
  4 white imps
  An ufetubus (D:4)
  A worm (D:2)
  3 dart slugs
  21 orcs
  12 ball pythons
  6 bats
  8 endoplasms
  4 giant cockroaches
  16 goblins
  10 hobgoblins
  3 quokkas
  2 frilled lizards
  6 kobolds
  27 rats
255 creatures vanquished.

Vanquished Creatures (others)
  2 plants (D:1)
2 creatures vanquished.

Grand Total: 257 creatures vanquished

Notes
Turn   | Place    | Note
-------+----------+-------------------------------------------
     0 | D:1      | qw the Gargoyle Fighter began the quest for the Orb.
     0 | D:1      | Reached XP level 1. HP: 14/14 MP: 1/1
     0 | D:1      | 0 ||| qw: Version: 0.2-a-10-g37ed214
     0 | D:1      | 0 ||| qw: Game counter: 684
     0 | D:1      | 0 ||| qw: Always use a shield: true
     0 | D:1      | 0 ||| qw: God list: Okawaru
     0 | D:1      | 0 ||| qw: Allow faded altars: false
     0 | D:1      | 0 ||| qw: Do Orc after D:15 true
     0 | D:1      | 0 ||| qw: Do second Lair branch before Depths: true
     0 | D:1      | 0 ||| qw: Lair rune preference: random
     0 | D:1      | 0 ||| qw: Plans: Normal, Zot:1-4, God:TSO, Crypt, Tomb,
                  | Pan, Slime:5, Hells, Abyss, Orb
     0 | D:1      | 0 ||| PLANNING D:1-11
    27 | D:1      | Reached skill level 2 in Axes
   318 | D:1      | Found a faded altar of an unknown god.
   539 | D:1      | Found Ciaq's General Store.
   547 | D:1      | 547 ||| BUYING +0 mace (33 gold).
   547 | D:1      | Bought a +0 mace for 33 gold pieces
   547 | D:1      | 547 ||| SHOPLISTING +0 pair of gloves (49 gold, have 16).
   654 | D:1      | Reached XP level 2. HP: 19/19 MP: 2/2
   744 | D:1      | 744 ||| READING scroll labelled SOPTACETEJE.
   747 | D:1      | 747 ||| READING 3 scrolls labelled XUTHAZ COASE.
   748 | D:1      | 748 ||| READING scroll labelled NIAKHY VUEPU.
   749 | D:1      | 749 ||| DROPPING 2 scrolls of vulnerability.
   774 | D:2      | Found Tioliphi's Magic Scroll Boutique.
   777 | D:2      | 777 ||| BUYING scroll of identify (20 gold).
   777 | D:2      | Bought a scroll of identify for 20 gold pieces
   777 | D:2      | 777 ||| SHOPLISTING scroll of teleportation (30 gold, have
                  | 26).
   786 | D:2      | Found Mumiorr's Armour Shoppe.
   795 | D:2      | 795 ||| SHOPLISTING +0 chain mail (54 gold, have 26).
   795 | D:2      | 795 ||| SHOPLISTING +0 pair of boots (54 gold, have 26).
   882 | D:2      | 882 ||| Stepping ~*~*~tactically~*~*~ (stealth).
   893 | D:2      | 893 ||| Stepping ~*~*~tactically~*~*~ (stealth).
   899 | D:2      | Found Azxocib's Assorted Antiques.
   903 | D:2      | Reached skill level 3 in Axes
   964 | D:2      | Reached XP level 3. HP: 23/23 MP: 3/3
   968 | D:2      | 968 ||| BUYING 2 viscous cyan potions (39 gold).
   968 | D:2      | Bought 2 viscous cyan potions for 39 gold pieces
   968 | D:2      | 968 ||| SHOPLISTING glowing plate armour (572 gold, have
                  | 24).
   968 | D:2      | 968 ||| SHOPLISTING plate armour (506 gold, have 24).
   968 | D:2      | 968 ||| SHOPLISTING ruby ring (110 gold, have 24).
   968 | D:2      | 968 ||| BUYING scroll labelled FUMOILORR (22 gold).
   968 | D:2      | Bought a scroll labelled FUMOILORR for 22 gold pieces
   968 | D:2      | 968 ||| SHOPLISTING viscous cyan potion (19 gold, have 2).
  1117 | D:2      | Found Wougguwn's Distillery.
  1193 | D:2      | 1193 ||| SHOPLISTING 2 potions of might (88 gold, have 2).
  1193 | D:2      | 1193 ||| SHOPLISTING potion of attraction (33 gold, have
                  | 2).
  1193 | D:2      | 1193 ||| SHOPLISTING potion of curing (33 gold, have 2).
  1193 | D:2      | 1193 ||| SHOPLISTING potion of mutation (88 gold, have 2).
  1193 | D:2      | 1193 ||| SHOPLISTING potion of resistance (110 gold, have
                  | 2).
  1216 | D:2      | 1216 ||| Stepping ~*~*~tactically~*~*~ (hiding).
  1225 | D:2      | 1225 ||| Stepping ~*~*~tactically~*~*~ (stealth).
  1247 | D:2      | 1247 ||| Stepping ~*~*~tactically~*~*~ (stealth).
  1249 | D:2      | 1249 ||| Stepping ~*~*~tactically~*~*~ (stealth).
  1253 | D:2      | Noticed Robin
  1257 | D:2      | Reached XP level 4. HP: 20/28 MP: 4/4
  1261 | D:2      | 1261 ||| Stepping ~*~*~tactically~*~*~ (hiding).
  1269 | D:2      | HP: 7/28 [Robin/+1 dagger of venom (4)]
  1272 | D:2      | Reached skill level 4 in Axes
  1274 | D:2      | HP: 3/28 [Robin/+1 dagger of venom (1)]
  1276 | D:2      | Killed Robin
  1562 | D:2      | Found Hitiodgh's Distillery.
  1575 | D:2      | 1575 ||| SHOPLISTING potion of attraction (30 gold, have
                  | 2).
  1575 | D:2      | 1575 ||| SHOPLISTING potion of curing (30 gold, have 2).
  1619 | D:2      | Noticed Jessica
  1623 | D:2      | Killed Jessica
  1724 | D:2      | 1724 ||| Stepping ~*~*~tactically~*~*~ (stealth).
  1727 | D:2      | 1727 ||| Stepping ~*~*~tactically~*~*~ (stealth).
  1728 | D:2      | 1728 ||| Stepping ~*~*~tactically~*~*~ (stealth).
  1833 | D:2      | 1833 ||| UPGRADING to +0 helmet.
  1838 | D:2      | 1838 ||| READING scroll labelled FUMOILORR.
  1839 | D:2      | 1839 ||| DRINKING 2 glowing dark potions.
  1840 | D:2      | 1840 ||| DRINKING 3 grey potions.
  1841 | D:2      | 1841 ||| DRINKING 3 viscous cyan potions.
  1842 | D:2      | 1842 ||| DROPPING potion of brilliance.
  1902 | D:3      | 1902 ||| Stepping ~*~*~tactically~*~*~ (stealth).
  1904 | D:3      | Reached XP level 5. HP: 32/32 MP: 5/5
  1904 | D:3      | 1904 ||| Stepping ~*~*~tactically~*~*~ (stealth).
  1907 | D:3      | 1907 ||| Stepping ~*~*~tactically~*~*~ (stealth).
  1912 | D:3      | 1912 ||| Stepping ~*~*~tactically~*~*~ (stealth).
  2021 | D:3      | 2021 ||| Stepping ~*~*~tactically~*~*~ (hiding).
  2027 | D:3      | 2027 ||| Stepping ~*~*~tactically~*~*~ (stealth).
  2040 | D:3      | Reached skill level 5 in Axes
  2178 | D:3      | 2178 ||| DROPPING +0 mace.
  2220 | D:3      | 2220 ||| Stepping ~*~*~tactically~*~*~ (hiding).
  2263 | D:3      | 2263 ||| Stepping ~*~*~tactically~*~*~ (stealth).
  2822 | D:3      | 2822 ||| UPGRADING to +0 chain mail.
  2832 | D:3      | 2832 ||| DROPPING +0 scale mail.
  2833 | D:3      | 2833 ||| UPGRADING to amulet of regeneration.
  2838 | D:3      | 2838 ||| READING scroll labelled CAUTAPL CURUTHRA.
  2839 | D:3      | 2839 ||| READING scroll labelled RUOMY OTUAGEHU.
  3070 | D:4      | 3070 ||| Stepping ~*~*~tactically~*~*~ (stealth).
  3080 | D:4      | Reached XP level 6. HP: 39/39 MP: 6/6
  3095 | D:4      | 3095 ||| DROPPING +0 flail of protection.
  3550 | D:4      | Noticed a black bear
  3556 | D:4      | Killed a black bear
  3595 | D:4      | 3595 ||| Stepping ~*~*~tactically~*~*~ (stealth).
  3601 | D:4      | 3601 ||| Stepping ~*~*~tactically~*~*~ (stealth).
  3643 | D:4      | 3643 ||| DROPPING ring of magical power.
  3644 | D:4      | 3644 ||| READING 3 scrolls of identify.
  3644 | D:4      | 3644 ||| IDENTIFYING fuming ruby potion
  3645 | D:4      | 3645 ||| READING 2 scrolls of identify.
  3645 | D:4      | 3645 ||| IDENTIFYING viscous dark potion
  3646 | D:4      | 3646 ||| DROPPING potion of invisibility.
  3647 | D:4      | 3647 ||| DROPPING potion of degeneration.
  3714 | D:5      | Entered Level 5 of the Dungeon
  3723 | D:5      | Noticed an ice beast
  3733 | D:5      | Killed an ice beast
  3734 | D:5      | Reached skill level 6 in Axes
  3734 | D:5      | Reached XP level 7. HP: 32/44 MP: 7/7
  3857 | D:5      | 3857 ||| SWAPPING to +0 broad axe.
  3858 | D:5      | 3858 ||| DROPPING +0 war axe of venom.
  3903 | D:5      | 3903 ||| Stepping ~*~*~tactically~*~*~ (stealth).
  3904 | D:5      | 3904 ||| Stepping ~*~*~tactically~*~*~ (stealth).
  3905 | D:5      | 3905 ||| Stepping ~*~*~tactically~*~*~ (stealth).
  3924 | D:5      | 3924 ||| Stepping ~*~*~tactically~*~*~ (hiding).
  3926 | D:5      | 3926 ||| Stepping ~*~*~tactically~*~*~ (hiding).
  4038 | D:5      | Reached skill level 1 in Dodging
  4276 | D:5      | Found a staircase to the Ecumenical Temple.
  4277 | D:5      | 4277 ||| PLANNING TEMPLE
  4277 | D:5      | 4277 ||| READING scroll labelled YBOLAV XEUGO.
  4278 | D:5      | 4278 ||| READING 2 scrolls of identify.
  4278 | D:5      | 4278 ||| IDENTIFYING blue potion
  4279 | D:5      | 4279 ||| DROPPING potion of flight.
  4284 | Temple   | Entered the Ecumenical Temple
  4494 | Temple   | 4494 ||| PLANNING OKAWARU WORSHIP
  4606 | Temple   | Became a worshipper of Warmaster Okawaru
  4607 | Temple   | 4607 ||| PLANNING D:1-11
  4662 | D:5      | 4662 ||| Stepping ~*~*~tactically~*~*~ (hiding).
  4663 | D:5      | 4663 ||| Stepping ~*~*~tactically~*~*~ (hiding).
  4665 | D:5      | 4665 ||| Stepping ~*~*~tactically~*~*~ (hiding).
  4669 | D:5      | 4669 ||| DRINKING 3 potions of curing.
  4669 | D:5      | 4669 ||| (to cure confusion)
  4707 | D:5      | Found Rmegosy's Retail Resort.
  4714 | D:5      | 4714 ||| SHOPLISTING amulet of reflection (300 gold, have
                  | 237).
  4714 | D:5      | 4714 ||| BUYING ring of resist corrosion (200 gold).
  4714 | D:5      | Bought a ring of resist corrosion for 200 gold pieces
  4940 | D:5      | 4940 ||| UPGRADING to ring of resist corrosion.
  4941 | D:5      | 4941 ||| READING scroll labelled CADAOM SUYCLU.
  4942 | D:5      | 4942 ||| READING 2 scrolls of identify.
  4942 | D:5      | 4942 ||| IDENTIFYING bubbling red potion
  5000 | D:6      | 5000 ||| PLANNING SEWER
  5022 | D:6      | Found a glowing drain.
  5031 | Sewer    | Entered a sewer
  5118 | Sewer    | 5118 ||| Stepping ~*~*~tactically~*~*~ (water).
  5251 | Sewer    | Reached skill level 7 in Axes
  5253 | Sewer    | Reached XP level 8. HP: 44/48 MP: 8/8
  5289 | Sewer    | 5289 ||| READING 2 scrolls labelled CEIGER FU YRCHO.
  5290 | Sewer    | 5290 ||| READING scroll labelled VOXKAI FUCA.
  5291 | Sewer    | 5291 ||| DROPPING scroll of fog.
  5295 | D:6      | 5295 ||| PLANNING D:1-11
  5314 | D:6      | Found a large runed translucent door.
  5314 | D:6      | Found a large runed translucent door.
  5316 | D:6      | Noticed qw's ghost (novice GrFi)
  5338 | D:6      | Reached * piety under Okawaru
  5352 | D:6      | Reached skill level 1 in Invocations
  5411 | D:6      | 5411 ||| Stepping ~*~*~tactically~*~*~ (hiding).
  5412 | D:6      | 5412 ||| Stepping ~*~*~tactically~*~*~ (hiding).
  5426 | D:6      | Reached skill level 8 in Axes
  5505 | D:6      | 5505 ||| Stepping ~*~*~tactically~*~*~ (hiding).
  5514 | D:6      | Reached skill level 3 in Invocations
  5747 | D:6      | 5747 ||| Stepping ~*~*~tactically~*~*~ (hiding).
  5748 | D:6      | 5748 ||| Stepping ~*~*~tactically~*~*~ (hiding).
  5752 | D:6      | 5752 ||| Stepping ~*~*~tactically~*~*~ (hiding).
  5754 | D:6      | 5754 ||| INVOKING Heroism.
  5882 | D:6      | 5882 ||| INVOKING Heroism.
  5885 | D:6      | Reached skill level 6 in Fighting
  5894 | D:6      | Reached ** piety under Okawaru
  5895 | D:6      | Reached XP level 9. HP: 50/55 MP: 10/12
  6606 | D:7      | 6606 ||| INVOKING Heroism.
  6671 | D:7      | 6671 ||| Stepping ~*~*~tactically~*~*~ (hiding).
  6673 | D:7      | 6673 ||| Stepping ~*~*~tactically~*~*~ (hiding).
  6674 | D:7      | 6674 ||| Stepping ~*~*~tactically~*~*~ (hiding).
  6676 | D:7      | 6676 ||| INVOKING Heroism.
  6700 | D:7      | 6700 ||| Stepping ~*~*~tactically~*~*~ (stealth).
  6723 | D:7      | Reached skill level 9 in Axes
  6795 | D:7      | 6795 ||| INVOKING Heroism.
  6845 | D:7      | 6845 ||| INVOKING Heroism.
  7168 | D:8      | Found Xeutz's Changing Room.
  7183 | D:8      | 7183 ||| BUYING potion of lignification (48 gold).
  7183 | D:8      | Bought a potion of lignification for 48 gold pieces
  7183 | D:8      | 7183 ||| BUYING potion of mutation (128 gold).
  7183 | D:8      | Bought a potion of mutation for 128 gold pieces
  7279 | D:8      | 7279 ||| Stepping ~*~*~tactically~*~*~ (stealth).
  7309 | D:8      | 7309 ||| Stepping ~*~*~tactically~*~*~ (hiding).
  7351 | D:8      | 7351 ||| Stepping ~*~*~tactically~*~*~ (stealth).
  7354 | D:8      | 7354 ||| INVOKING Heroism.
  7514 | D:8      | 7514 ||| Stepping ~*~*~tactically~*~*~ (stealth).
  7527 | D:8      | 7527 ||| Stepping ~*~*~tactically~*~*~ (hiding).
  7531 | D:8      | 7531 ||| INVOKING Heroism.
  7535 | D:8      | Reached skill level 10 in Axes
  7547 | D:8      | Found Ashemny's Antique Armour Emporium.
  7556 | D:8      | 7556 ||| SHOPLISTING glowing plate armour (936 gold, have
                  | 166).
  7556 | D:8      | 7556 ||| BUYING pair of gloves (162 gold).
  7556 | D:8      | Bought a pair of gloves for 162 gold pieces
  7556 | D:8      | 7556 ||| SHOPLISTING runed helmet (270 gold, have 4).
  7645 | D:8      | 7645 ||| FLEEEEING.
  7646 | D:8      | 7646 ||| STAIRDANCE
  7761 | D:7      | 7761 ||| UPGRADING to +0 pair of gloves.
  7766 | D:7      | 7766 ||| DROPPING ring of flight.
  7767 | D:7      | 7767 ||| READING scroll labelled DAHAROKLONGY.
  7781 | D:8      | 7781 ||| STAIRDANCE
  7783 | D:7      | 7783 ||| INVOKING Heroism.
  7801 | D:8      | 7801 ||| INVOKING Heroism.
  7802 | D:8      | 7802 ||| STAIRDANCE
  7824 | D:8      | 7824 ||| STAIRDANCE
  7831 | D:8      | 7831 ||| STAIRDANCE
  7833 | D:7      | 7833 ||| INVOKING Heroism.
  7841 | D:7      | Reached XP level 10. HP: 63/63 MP: 10/13
  7859 | D:7      | 7859 ||| UPGRADING to +0 plate armour.
  7869 | D:7      | 7869 ||| DROPPING +0 chain mail.
  7882 | D:8      | 7882 ||| FLEEEEING.
  7883 | D:8      | 7883 ||| STAIRDANCE
  7887 | D:7      | 7887 ||| DRINKING 5 potions of curing.
  7887 | D:7      | 7887 ||| (to cure confusion)
  8013 | D:8      | Reached *** piety under Okawaru
  8014 | D:8      | Reached skill level 6 in Armour
  8124 | D:8      | 8124 ||| READING 4 scrolls of identify.
  8124 | D:8      | 8124 ||| IDENTIFYING fuming amethyst potion
  8143 | D:9      | 8143 ||| INVOKING Heroism.
  8180 | D:9      | 8180 ||| Stepping ~*~*~tactically~*~*~ (hiding).
  8304 | D:9      | 8304 ||| INVOKING Heroism.
  8373 | D:9      | Found a staircase to the Orcish Mines.
  8403 | D:9      | Noticed a two-headed ogre
  8404 | D:9      | 8404 ||| INVOKING Heroism.
  8409 | D:9      | Killed a two-headed ogre
  8594 | D:9      | Found a shimmering blue altar of Sif Muna.
  8653 | D:9      | Identified the +4 flail of Wealth {vamp, rN+ Str+2 Stlth+}
  8655 | D:9      | 8655 ||| DROPPING +1 morningstar of draining.
  8819 | D:9      | 8819 ||| FLEEEEING.
  8838 | D:9      | 8838 ||| DRINKING 4 potions of curing.
  8838 | D:9      | 8838 ||| (to cure confusion)
  8856 | D:9      | 8856 ||| DRINKING 3 potions of curing.
  8856 | D:9      | 8856 ||| (to cure confusion)
  8928 | D:9      | 8928 ||| UPGRADING to ring of positive energy.
  8929 | D:9      | 8929 ||| READING 4 scrolls of identify.
  8929 | D:9      | 8929 ||| IDENTIFYING brown potion
  8930 | D:9      | 8930 ||| DROPPING potion of ambrosia.
  8956 | D:10     | Entered Level 10 of the Dungeon
  9008 | D:10     | 9008 ||| Stepping ~*~*~tactically~*~*~ (stealth).
  9010 | D:10     | 9010 ||| INVOKING Heroism.
  9019 | D:10     | Reached **** piety under Okawaru
  9240 | D:10     | Killed an unseen horror
  9270 | D:10     | 9270 ||| INVOKING Heroism.
  9279 | D:10     | Killed an unseen horror
  9280 | D:10     | Reached XP level 11. HP: 68/68 MP: 13/15
  9291 | D:10     | Reached skill level 6 in Invocations
  9526 | D:11     | Noticed Urug
  9526 | D:11     | Found a staircase to the Lair.
  9526 | D:11     | Found a gate leading to a gauntlet.
  9527 | D:11     | 9527 ||| PLANNING GAUNTLET
  9527 | D:11     | 9527 ||| INVOKING Heroism.
  9548 | D:11     | Killed Urug
  9549 | D:11     | Reached skill level 11 in Axes
  9549 | D:11     | 9549 ||| STAIRDANCE
  9609 | Gauntlet | Entered a Gauntlet
  9609 | Gauntlet | Found a transporter.
  9609 | Gauntlet | Found a runed translucent door.
  9609 | Gauntlet | Found a runed translucent door.
  9616 | Gauntlet | Found a transporter.
  9619 | Gauntlet | Found a transporter.
  9633 | Gauntlet | Found a transporter.
  9637 | Gauntlet | Found a transporter.
  9645 | Gauntlet | Found a transporter.
  9662 | Gauntlet | Found a transporter.
  9673 | Gauntlet | Noticed a death drake
  9674 | Gauntlet | Found a transporter.
  9685 | Gauntlet | Found a transporter.
  9697 | Gauntlet | Found a transporter.
  9697 | Gauntlet | Found a transporter.
  9699 | Gauntlet | Found a transporter.
  9715 | Gauntlet | Found a transporter.
  9726 | Gauntlet | Found a transporter.
  9729 | Gauntlet | Noticed a soul eater
  9814 | Gauntlet | 9814 ||| INVOKING Heroism.
  9851 | Gauntlet | 9851 ||| DROPPING amulet of the acrobat.
  9877 | Gauntlet | 9877 ||| INVOKING Heroism.
  9883 | Gauntlet | HP: 13/68 [meliai/divine providence (12)]
  9883 | Gauntlet | HP: 4/68 [meliai/+0 hand axe (9)]
  9884 | Gauntlet | 9884 ||| DRINKING 6 potions of heal wounds.
  9885 | Gauntlet | 9885 ||| DRINKING 5 potions of heal wounds.
  9886 | Gauntlet | 9886 ||| DRINKING 4 potions of heal wounds.
  9888 | Gauntlet | Reached ***** piety under Okawaru
  9888 | Gauntlet | HP: 17/68 [meliai/divine providence (10)]
  9889 | Gauntlet | 9889 ||| DRINKING 3 potions of heal wounds.
  9897 | Gauntlet | HP: 8/68 [meliai/divine providence (14)]
  9898 | Gauntlet | 9898 ||| DRINKING 2 potions of heal wounds.
  9904 | Gauntlet | HP: 12/69 [meliai/divine providence (10)]
  9904 | Gauntlet | Killed from afar by a meliai

Levels and vault maps discovered:
D:1:      zelgadis_glass_arrival_small, layout_rooms,
          dreamdust_ecumenical_altar_grove, serial_forest,
          infiniplex_forest_straight_4, infiniplex_forest_straight_2,
          infiniplex_forest_join, infiniplex_forest_clump_curved,
          infiniplex_forest_lined_ring, infiniplex_forest_straight_5,
          infiniplex_forest_lined_room_2, infiniplex_forest_clump_small,
          serial_shops, shop_fountains, corexii_corridor_pit, minivault_19
D:2:      layout_rooms, serial_shops, nicolae_shop_behind_doors, shop, shop,
          nicolae_shop_overgrown_old_shop, nicolae_shop_crystal, uniq_robin,
          uniq_jessica
D:3:      layout_basic
D:4:      minmay_general_purpose_star, layout_cave_pods
D:5:      layout_loops_corners, temple_doors_e, nicolae_alphabet_shops
D:6:      layout_layer_cave, serial_undead, serial_undead_a, serial_undead_b,
          serial_undead_d, serial_undead_e, serial_undead_a, serial_undead_c,
          ebering_ghost_disaster_area, cheibrodos_sewer_entry_drain,
          kennysheep_generic_room_12
D:7:      cheibrodos_two_vegetables, layout_rooms, minivault_24
D:8:      layout_loops_ring, nicolae_transmutations_shop, minivault_1,
          kennysheep_windowed_goal
D:9:      layout_long_grid, led_sif_book, orc_0_dummy
D:10:     layout_roguey
D:11:     nicolae_cairo_tiling, layout_rooms, gauntlet_entry_generic,
          eino_curves_04, uniq_fannar, uniq_urug, uniq_snorg
Temple:   mainiacjoe_temple_circle_huts
Gauntlet: minmay_gauntlet_77_tree [minmay_gauntlet_arena_77_cramped,
          minmay_gauntlet_arena_77_checkered, minmay_gauntlet_arena_77_p_blocks,
          minmay_gauntlet_arena_77_hold_the_fort,
          minmay_gauntlet_arena_77_terracotta_army,
          minmay_gauntlet_arena_77_block_sizes,
          minmay_gauntlet_arena_77_tiled_triplets, gauntlet_exit_hidden_loot]

Skill      XL: |  1  2  3  4  5  6  7  8  9 10 11 |
---------------+----------------------------------+-----
Axes           | 2 3 4 5 6 7 8 10 11 | 11.0
Fighting       | 4 6 7 8 |  8.3
Dodging        | 1 |  1.2
Throwing       | 2 |  2.0
Invocations    | 4 5 7 |  7.1
Armour         | 4 5 7 |  7.1
Shields        | 4 5 |  5.7

Action                   |  1- 3 |  4- 6 |  7- 9 | 10-12 || total
-------------------------+-------+-------+-------+-------++-------
Melee: War axe           |    70 |   148 |       |       ||   218
       Broad axe         |       |       |   380 |   202 ||   582
Throw: Boomerang         |       |    15 |    62 |    19 ||    96
Invok: Heroism           |       |       |    11 |     8 ||    19
  Use: Scroll            |     3 |     5 |     7 |     2 ||    17
       Potion            |       |     3 |     1 |     8 ||    12
Armor: Scale mail        |    31 |    25 |       |       ||    56
       Chain mail        |       |    29 |   310 |       ||   339
       Plate armour      |       |       |       |   240 ||   240
Dodge: Dodged            |    29 |    72 |   168 |    57 ||   326
Block: Buckler           |     8 |    29 |    99 |    48 ||   184

Table legend:
 A = Non-vault XP
 B = Vault XP
 C = Vault XP percentage of total XP
 D = Non-vault monster count
 E = Vault monster count
 F = Vault count percentage of total count
                 A         B        C        D         E       F
            +---------+---------+-------+---------+---------+-------
      Total |    8484 |    3188 |  27.3 |     175 |      80 |  31.4
            +---------+---------+-------+---------+---------+-------
        D:1 |      10 |       0 |   0.0 |       7 |       0 |   0.0
        D:2 |      77 |      74 |  49.0 |      20 |      13 |  39.4
        D:3 |     141 |       0 |   0.0 |      23 |       0 |   0.0
        D:4 |     147 |      88 |  37.4 |      11 |       5 |  31.2
        D:5 |     335 |       0 |   0.0 |      13 |       0 |   0.0
        D:6 |     985 |     442 |  31.0 |      21 |      11 |  34.4
        D:7 |    1175 |     283 |  19.4 |      35 |       2 |   5.4
        D:8 |     723 |     231 |  24.2 |      14 |       3 |  17.6
        D:9 |    1793 |       0 |   0.0 |      14 |       0 |   0.0
       D:10 |    3098 |       0 |   0.0 |      17 |       0 |   0.0
       D:11 |       0 |     806 | 100.0 |       0 |       1 | 100.0
      Sewer |       0 |     337 | 100.0 |       0 |      40 | 100.0
   Gauntlet |       0 |     927 | 100.0 |       0 |       5 | 100.0
            +---------+---------+-------+---------+---------+-------
